 Dungeon Crawl Stone Soup version 0.19.5 (webtiles) character file.

354 Lizzreth the Slasher (level 6, -1/47 HPs)
             Began as a Demonspawn Chaos Knight on Mar 16, 2017.
             Slain by a howler monkey (4 damage)
             ... on level 3 of the Dungeon.
             The game lasted 00:12:40 (2094 turns).

Lizzreth the Slasher (Demonspawn Chaos Knight)      Turns: 2094, Time: 00:12:41

Health: -1/47      AC: 11    Str: 12 (13) XL:     6   Next: 35%
Magic:  6/6        EV: 16    Int: 13      God:    Xom [..*...]
Gold:   175        SH:  0    Dex: 19      Spells: 0 memorised, 5 levels left

rFire  . . .     SeeInvis .     a - +0 falchion (chaos)
rCold  . . .     Gourm    .     b - +2 leather armour
rNeg   . . .     Faith    .     (no shield)
rPois  .         Spirit   .     (no helmet)
rElec  .         Reflect  .     (no cloak)
rCorr  .         Harm     .     (no gloves)
MR     .....                    (no boots)
Stlth  ++........               (no amulet)
                                (no ring)
                                (no ring)

@: agile, sanguine armour
A: hooves 1, sanguine armour 1
a: Renounce Religion


You were on level 3 of the Dungeon.
You worshipped Xom.
You were a toy of Xom.
You were not hungry.

You visited 1 branch of the dungeon, and saw 3 of its levels.

You collected 175 gold pieces.

Inventory:

Hand Weapons
 a - a +0 falchion of chaos (weapon)
Armour
 b - a +2 leather armour (worn)
Scrolls
 d - 2 scrolls of identify {unknown}
 e - a scroll of fear {unknown}
 h - 3 scrolls of remove curse {unknown}
 i - a scroll of teleportation {unknown}
 m - 2 scrolls of amnesia {unknown}
 o - 2 scrolls of enchant armour {unknown}
Potions
 k - a potion of degeneration
 q - a potion of lignification {unknown}
Comestibles
 c - 2 bread rations
 f - a beef jerky


   Skills:
 - Level 3.0 Fighting
 + Level 6.6 Long Blades
 - Level 1.7 Armour
 - Level 0.8 Dodging


You had 5 spell levels left.
You didn't know any spells.

Dungeon Overview and Level Annotations

Branches:
Dungeon (3/15)

Altars:


Innate Abilities, Weirdness & Mutations

You have large cloven feet.
When seriously injured, your bleeding wounds create armour. (AC +6)


Message History

The slug dart misses you.
The slug dart hits the rat.
The rat dies!
The orc priest barely misses you.
You hit the orc priest but do no damage.
The orc priest is almost dead.
The howler monkey hoots and howls with incredible vigour!
The kobold hits you but does no damage.
The orc priest hits you but does no damage.
The dart slug misses you.
Unknown command.
You hit the orc priest but do no damage.
The orc priest flickers and vanishes!
Deactivating autopickup; reactivate with Ctrl-A.
The howler monkey misses you. The kobold closely misses you.
You riposte.
You barely miss the kobold. You kick the kobold, but do no damage.
Something hits you.
* * * LOW HITPOINT WARNING * * *
The howler monkey hits you.
You die...
Xom chortles!

#.# #.#
#...... #.#
##.......
#.###........
#.##.........
#
#.#......$...
#
#.#....?.....
#
#.#..[w..?≈..
#
#.'.†@h....≈≈
#
#.'.†{K....≈≈
#
###.......≈..
# #..........
# #..........
# ##.........
## ##........
#. ##.......
#. ##.


You could see a howler monkey, a dart slug and a kobold.

Vanquished Creatures
  Grinder (D:3)
  An orc priest (D:3)
  4 adders
  An ooze (D:1)
  A worm (D:2)
  5 dart slugs
  5 leopard geckos
  6 orcs (D:3)
  3 giant cockroaches
  5 goblins
  7 hobgoblins
  8 bats
  3 frilled lizards
  6 kobolds
  12 rats
68 creatures vanquished.

Vanquished Creatures (others)
  A rat (D:3)
1 creature vanquished.

Grand Total: 69 creatures vanquished

Notes
Turn   | Place    | Note
-------+----------+-------------------------------------------
     0 | D:1      | Lizzreth the Demonspawn Chaos Knight began the quest for the Orb.
     0 | D:1      | Reached XP level 1. HP: 18/18 MP: 1/1
    70 | D:1      | Reached skill level 3 in Long Blades
   124 | D:1      | Gained mutation: You have large cloven feet. [demonic ancestry]
   124 | D:1      | Reached XP level 2. HP: 15/24 MP: 2/2
   258 | D:1      | XOM: harmless Erth miscast
   474 | D:1      | XOM: divination: detect items
   501 | D:1      | Reached XP level 3. HP: 8/29 MP: 3/3
   720 | D:1      | XOM: harmless Summ miscast
   910 | D:1      | XOM: mild Pois miscast
   947 | D:2      | Reached skill level 4 in Long Blades
  1139 | D:2      | Reached XP level 4. HP: 33/35 MP: 4/4
  1243 | D:2      | XOM: silly message
  1416 | D:2      | XOM: smoke on damage
  1843 | D:3      | Noticed Grinder
  1846 | D:3      | XOM: confuse monster(s)
  1857 | D:3      | XOM: confuse monster(s)
  1860 | D:3      | Paralysed by Grinder for 3 turns
  1866 | D:3      | Killed Grinder
  1866 | D:3      | Reached skill level 6 in Long Blades
  1866 | D:3      | Reached XP level 5. HP: 18/41 MP: 5/5
  1866 | D:3      | Gained mutation: When seriously injured, your bleeding wounds create armour. (AC +6) [demonic ancestry]
  1866 | D:3      | Reached XP level 6. HP: 21/47 MP: 6/6
  2094 | D:3      | Slain by a howler monkey

Skill      XL: |  1  2  3  4 |
---------------+-------------+-----
Long Blades    | 3 4 6 |  6.6
Fighting       | |  3.0
Armour         | |  1.7
Dodging        | |  0.8

Action                   |  1- 3 |  4- 6 || total
-------------------------+-------+-------++-------
Melee: Falchion          |    96 |    94 ||   190
       Kick              |    16 |    37 ||    53
  Use: Potion            |       |     8 ||     8
 Stab: Sleeping          |     1 |       ||     1
       Petrified         |     3 |       ||     3
       Paralysed         |       |     3 ||     3
  Eat: Chunk             |       |     2 ||     2
       Bread ration      |       |     1 ||     1
Armor: Leather armour    |    29 |    31 ||    60
Dodge: Dodged            |    64 |   109 ||   173
       Rpst.: Falchion   |    20 |    39 ||    59
